 Dungeon Crawl Stone Soup version 0.30-a0-881-g1ff12e1e11 (webtiles) character file.

Game seed: 11132922807251284355

111 gelatine the Chopper (level 4, -7/33 HPs)
             Began as a Demonspawn Gladiator on Mar 15, 2023.
             Mangled by a gnoll
             ... wielding a +0 flail
              (8 damage)
             ... on level 2 of the Dungeon.
             The game lasted 00:04:02 (1815 turns).

gelatine the Chopper (Demonspawn Gladiator)         Turns: 1815, Time: 00:04:02

Health: -7/33      AC:  4    Str: 16    XL:     4   Next: 62%
Magic:  4/4        EV: 12    Int: 10    God:
Gold:   120        SH:  0    Dex: 14    Spells: 3/3 levels left

rFire   + . .      SeeInvis .    a - +0 war axe
rCold   . . .      Faith    .    (no shield)
rNeg    . . .      Spirit   .    m - +1 leather armour {rF+}
rPois   .          Reflect  .    (helmet restricted)
rElec   .          Rampage  .    (no cloak)
rCorr   .                        (no gloves)
Will    .....                    (no boots)
Stlth   +                        (no amulet)
HPRegen 0.25/turn                k - ring of flight
MPRegen 0.09/turn                (no ring)

@: brilliant, flying
A: horns 1
a: no special abilities


You were on level 2 of the Dungeon.
You visited 1 branch of the dungeon, and saw 2 of its levels.

You collected 120 gold pieces.

Inventory:

Hand Weapons
 a - a +0 war axe (weapon)
Missiles
 d - 3 throwing nets
 e - a javelin (quivered)
Armour
 i - a +0 plate armour
 m - a +1 leather armour of fire resistance (worn)
Jewellery
 k - a ring of flight (left hand)
Scrolls
 c - a scroll of identify {unknown}
 g - 3 scrolls of teleportation {unknown}
 h - a scroll of silence {unknown}
 j - 2 scrolls of fear {unknown}
 n - 2 scrolls of fog {unknown}
Potions
 l - a potion of haste {unknown}
 o - a potion of flight {unknown}


   Skills:
 * Level 2.3 Fighting
 * Level 3.9 Axes
 * Level 2.1 Throwing
 * Level 1.1 Armour
 * Level 3.2 Dodging
 + Level 0.1 Stealth


You had 3 spell levels left.
You didn't know any spells.
Your spell library contained the following spells:

 Spells                   Type           Power      Damage    Failure   Level
 Beastly Appendage        Tmut           0%         N/A       43%         1
 Necrotise                Necr           0%         1d4       43%         1
 Shock                    Conj/Air       0%         1d3       43%         1
 Wereblood                Tmut           0%         N/A       56%         2
 Gell's Gravitas          Tloc           0%         N/A       80%         3
 Spider Form              Tmut/Pois      0%         N/A       80%         3
 Swiftness                Air            0%         N/A       80%         3
 Teleport Other           Tloc           0%         N/A       80%         3
 Vampiric Draining        Necr           0%         2d6       80%         3
 Airstrike                Air            0%         2d(0-16)  99%         4
 Agony                    Necr           0%         N/A       100%        5
 Dispersal                Tloc           0%         N/A       100%        6


Dungeon Overview and Level Annotations

Branches:
Dungeon (2/15)

Altars:
Hepliaklqana


Innate Abilities, Weirdness & Mutations

You have a pair of small horns on your head.


Message History

You closely miss the gnoll. The gnoll hits you with a +0 flail.
* * * LOW HITPOINT WARNING * * *
The gnoll misses you.
It was a potion of brilliance.
You feel clever all of a sudden. The gnoll hits you with a +0 flail.
* * * LOW HITPOINT WARNING * * *
The gnoll hits you with a +0 flail.
* * * LOW HITPOINT WARNING * * *
It was a potion of heal wounds.
You feel much better. The gnoll barely misses you. x2
You barely miss the gnoll.
You headbutt the gnoll, but do no damage.
The gnoll is lightly wounded.
You hit the gnoll. The gnoll completely misses you.
The gnoll barely misses you.
You barely miss the gnoll.
You headbutt the gnoll, but do no damage.
The gnoll is lightly wounded.
You hit the gnoll. The gnoll hits you with a +0 flail.
The gnoll closely misses you. x2; The gnoll barely misses you.
You barely miss the gnoll.
The gnoll is lightly wounded.
You closely miss the gnoll. The gnoll hits you with a +0 flail. x2
* * * LOW HITPOINT WARNING * * *
You completely miss the gnoll. Your headbutt misses the gnoll.
The gnoll is lightly wounded.
You hit the gnoll.
You kill the gnoll!
The gnoll barely misses you.
You barely miss the gnoll.
The gnoll is lightly wounded.
The gnoll hits you with a +0 flail.
* * * LOW HITPOINT WARNING * * *
The gnoll hits you with a +0 flail.
* * * LOW HITPOINT WARNING * * *
You hit the gnoll.
The gnoll is moderately wounded.
The gnoll hits you with a +0 flail!
You die...

#PP..P.PP.# #
##...PPb.##
##.....##
########## ### .#
#..#.#####.. .#
##...#.<...#
##.#######.#.###.#
#g)..........# #.#
#@########.### #.#
#.# #.# #.# #.#
#.### #.< #.#
#...##### #.#
#.#...... #.#
#.###).#. #.#
#.###.#.. #.#
#..###... #.#
##.##...#


You could see a gnoll.

Vanquished Creatures
  Jessica (D:2)
  2 gnolls (D:2)
  3 adders (D:2)
  A dart slug (D:1)
  5 endoplasms
  A giant cockroach (D:1)
  4 goblins (D:1)
  3 hobgoblins
  3 quokkas (D:2)
  6 ball pythons
  A bat (D:1)
  A frilled lizard (D:1)
  4 kobolds
  2 rats
37 creatures vanquished.

Notes
Turn   | Place    | Note
-------+----------+-------------------------------------------
     0 | D:1      | gelatine the Demonspawn Gladiator began the quest for the
                  | Orb.
     0 | D:1      | Reached XP level 1. HP: 16/16 MP: 1/1
   123 | D:1      | Gained mutation: You have a pair of small horns on your
                  | head. [demonic ancestry]
   123 | D:1      | Reached XP level 2. HP: 14/22 MP: 2/2
   390 | D:1      | You are sucked into a shaft and drop 1 floor!
   427 | D:2      | Reached XP level 3. HP: 16/27 MP: 3/3
   516 | D:2      | Found a hazy altar of Hepliaklqana.
  1065 | D:2      | Noticed Jessica
  1079 | D:2      | Killed Jessica
  1246 | D:2      | Found a faded altar of an unknown god.
  1282 | D:2      | Reached XP level 4. HP: 32/33 MP: 4/4
  1804 | D:2      | Reached skill level 1 in Armour
  1814 | D:2      | HP: 1/33 [gnoll/+0 flail (6)]
  1815 | D:2      | Mangled by a gnoll

Illustrated notes

Levels and vault maps discovered:
D:1:      minmay_arrival_plants_in_alcoves, layout_loops_ring,
          minmay_hedge_maze, minmay_pentomino_w2
D:2:      layout_loops_ring, serial_aquarium, aquarium_bridge_square
          [aquarium_subvault_bridge, aquarium_subvault_window,
          aquarium_subvault_window, aquarium_subvault_bridge],
          aquarium_window_1, aquarium_window_corridor_2, aquarium_window_corner,
          aquarium_window_1, aquarium_view_2d, aquarium_view_2c,
          shapermc_ecumenical_altar_acropolis, basic_altar,
          minmay_misc_feat_rugged, minmay_misc_feat_alley, uniq_jessica

Skill      XL: |  1  2  3  4 |
---------------+-------------+-----
Throwing       | 2 |  2.1
Axes           | 3 |  3.9
Dodging        | 3 |  3.2
Armour         | 1 |  1.1
Fighting       | |  2.3
Stealth        | |  0.1

Action                     |  1- 3 |  4- 6 || total
---------------------------+-------+-------++-------
  Melee: War axe           |    73 |    21 ||    94
         Headbutt          |     9 |     5 ||    14
    Use: Potion            |       |     2 ||     2
   Stab: Sleeping          |     1 |       ||     1
 Armour: Leather armour    |    22 |     2 ||    24
  Dodge: Dodged            |    50 |    23 ||    73

Table legend: (Time is in decaauts)
 A = Elapsed time spent in this place.
 B = Non-inter-level travel time spent in this place.
 C = Inter-level travel time spent in this place.
 D = Time resting spent in this place.
 E = Time spent auto-exploring this place.
 F = Levels seen in this place.
 G = Mean time per level.
                   A        B        C        D        E       F      G
               +--------+--------+--------+--------+--------+-----+--------+
         Total |   1844 |   1796 |     48 |      0 |   1404 |   2 |  922.0 |
       Dungeon |   1844 |   1796 |     48 |      0 |   1404 |   2 |  922.0 |
               +--------+--------+--------+--------+--------+-----+--------+

Top non-repeatable levels by time:
     D:2: 956 daAuts
     D:1: 887 daAuts
